3AA
BELVEDERE PARK RAWHIDES @ SPRINGFIELD SHOOTERS
08/18/2027
 
TOP OF THE 1ST
Belvedere Park Rawhides batting - Pitching for Springfield Shooters : LHP Song-saeng Kim
Pitching: LHP Song-saeng Kim
Batting: LHB Dan O'Day 0-0: Swinging Strike
0-1: Called Strike
0-2: Ball
1-2: Ball
2-2: Strikes out swinging
Batting: SHB Eduardo Pampin 0-0: Foul Ball, location: 2F
0-1: Swinging Strike
0-2: Strikes out swinging
Batting: RHB Kevin Johnson 0-0: Called Strike
0-1: Ball
1-1: Called Strike
1-2: Foul Ball, location: 2F
1-2: Ball
2-2: Strikes out swinging
Top of the 1st over - 0 run(s), 0 hit(s), 0 error(s), 0 left on base; Belvedere Park 0 - Springfield 0
BOTTOM OF THE 1ST
Springfield Shooters batting - Pitching for Belvedere Park Rawhides : LHP António Bruno
Pitching: LHP António Bruno
Batting: SHB Benedict Patel 0-0: Called Strike
0-1: Ball
1-1: Fly out, F8 (Flyball, 8RM)
Batting: RHB Javier Vásquez 0-0: Called Strike
0-1: Swinging Strike
0-2: Ball
1-2: DOUBLE (Line Drive, 7LM)
Batting: RHB Gabrio Campoverde 0-0: Ball
1-0: Ball
2-0: Ball
3-0: Ground out 6-3 (Groundball, 6)
Batting: RHB Carlos Cardona 0-0: Ball
1-0: Ball
2-0: Called Strike
2-1: Called Strike
2-2: Foul Ball, location: 2F
2-2: Ball
3-2: Foul Ball, location: 2F
3-2: Fly out, F3 (Line Drive, 3S)
Bottom of the 1st over - 0 run(s), 1 hit(s), 0 error(s), 1 left on base; Belvedere Park 0 - Springfield 0
TOP OF THE 2ND
Belvedere Park Rawhides batting - Pitching for Springfield Shooters : LHP Song-saeng Kim
Batting: RHB José Pérez 0-0: Called Strike
0-1: Foul Ball, location: 2F
0-2: SOLO HOME RUN (Flyball, 78XD), Distance : 404 ft
Batting: RHB Emmanuele Lucchetti 0-0: Ball
1-0: Called Strike
1-1: Ground out 6-3 (Groundball, 56D)
Batting: RHB Charles Rowell 0-0: Called Strike
0-1: Ball
1-1: Ball
2-1: Ball
3-1: Foul Ball, location: 2F
3-2: Base on Balls
Batting: RHB Jaime Cruz 0-0: Ball
1-0: Called Strike
1-1: Fielders Choice at 2nd, 4-6 (Groundball, 34)
Batting: RHB Ed Jozwiak 0-0: Ball
1-0: Ball
2-0: Ground out 5-3 (Groundball, 56S)
Top of the 2nd over - 1 run(s), 1 hit(s), 0 error(s), 1 left on base; Belvedere Park 1 - Springfield 0
BOTTOM OF THE 2ND
Springfield Shooters batting - Pitching for Belvedere Park Rawhides : LHP António Bruno
Batting: LHB Guillermo Castro 0-0: Called Strike
0-1: Fly out, F5 (Popup, 6S)
Batting: LHB Daniel Faraday 0-0: Called Strike
0-1: Foul Ball, location: 2F
0-2: Fly out, F7 (Flyball, 7S)
Batting: RHB Roberto Alonzo 0-0: Foul Ball, location: 2F
0-1: Ball
1-1: Ball
2-1: Called Strike
2-2: Fly out, F6 (Popup, 6D)
Bottom of the 2nd over - 0 run(s), 0 hit(s), 0 error(s), 0 left on base; Belvedere Park 1 - Springfield 0
TOP OF THE 3RD
Belvedere Park Rawhides batting - Pitching for Springfield Shooters : LHP Song-saeng Kim
Batting: RHB Armando Carmona 0-0: Ball
1-0: Ball
2-0: Called Strike
2-1: Called Strike
2-2: Ball
3-2: Ground out 4-3 (Groundball, 4M)
Batting: LHB Dan O'Day 0-0: Foul Ball, location: 2F
0-1: Ball
1-1: Foul Ball, location: 2F
1-2: Ball
2-2: Ball
3-2: DOUBLE (Flyball, 7LM)
Batting: SHB Eduardo Pampin 0-0: Ball
1-0: Called Strike
1-1: Ball
2-1: Called Strike
2-2: SINGLE (Groundball, 6MD)
Dan O'Day to third
Batting: RHB Kevin Johnson 0-0: Called Strike
0-1: Called Strike
0-2: Ball
1-2: Fly out, F9 (Flyball, 9)
Runner from 3rd tags up, SCORES, no throw
Batting: RHB José Pérez 0-0: Called Strike
0-1: Ground out 5-3 (Groundball, 56S)
Top of the 3rd over - 1 run(s), 2 hit(s), 0 error(s), 1 left on base; Belvedere Park 2 - Springfield 0
BOTTOM OF THE 3RD
Springfield Shooters batting - Pitching for Belvedere Park Rawhides : LHP António Bruno
Batting: RHB Willis Kirkendall 0-0: Called Strike
0-1: Ball
1-1: Called Strike
1-2: Strikes out looking
Batting: RHB Francisco Gonzáles 0-0: Ball
1-0: Ground out 5-3 (Groundball, 56)
Batting: SHB Benedict Patel 0-0: Fly out, F7 (Line Drive, 78M)
Bottom of the 3rd over - 0 run(s), 0 hit(s), 0 error(s), 0 left on base; Belvedere Park 2 - Springfield 0
TOP OF THE 4TH
Belvedere Park Rawhides batting - Pitching for Springfield Shooters : LHP Song-saeng Kim
Batting: RHB Emmanuele Lucchetti 0-0: Ball
1-0: Foul Ball, location: 2F
1-1: Swinging Strike
1-2: Ball
2-2: Strikes out looking
Batting: RHB Charles Rowell 0-0: Called Strike
0-1: Hit by Pitch
Batting: RHB Jaime Cruz 0-0: Ball
1-0: Ball
Charles Rowell is caught stealing 2nd base
2-0: Ball
3-0: Called Strike
3-1: Foul Ball, location: 2F
3-2: Foul Ball, location: 2F
3-2: Foul Ball, location: 2F
3-2: Fly out, F4 (Flyball, 4MD)
Top of the 4th over - 0 run(s), 0 hit(s), 0 error(s), 0 left on base; Belvedere Park 2 - Springfield 0
BOTTOM OF THE 4TH
Springfield Shooters batting - Pitching for Belvedere Park Rawhides : LHP António Bruno
Batting: RHB Javier Vásquez 0-0: Called Strike
0-1: Fly out, F9 (Flyball, 89M)
Batting: RHB Gabrio Campoverde 0-0: TRIPLE (Flyball, 9LM)
Batting: RHB Carlos Cardona 0-0: Called Strike
0-1: Swinging Strike
0-2: Ball
1-2: Strikes out looking
Batting: LHB Guillermo Castro 0-0: Ball
1-0: SINGLE (Groundball, 56D)
Gabrio Campoverde scores
Batting: LHB Daniel Faraday 0-0: Ball
1-0: Ball
2-0: Foul Ball, location: 2F
2-1: Foul Ball, location: 2F
2-2: SINGLE (Line Drive, 34)
Guillermo Castro to second
Batting: RHB Roberto Alonzo 0-0: Ball
1-0: Ball
2-0: Ball
3-0: Called Strike
3-1: Base on Balls
Guillermo Castro to third
Daniel Faraday to second
Batting: RHB Willis Kirkendall 0-0: Called Strike
0-1: Foul Ball, location: 2F
0-2: Fly out, F8 (Flyball, 8RXD)
Bottom of the 4th over - 1 run(s), 3 hit(s), 0 error(s), 3 left on base; Belvedere Park 2 - Springfield 1
TOP OF THE 5TH
Belvedere Park Rawhides batting - Pitching for Springfield Shooters : LHP Song-saeng Kim
Batting: RHB Ed Jozwiak 0-0: Ball
1-0: Ball
2-0: Ball
3-0: Called Strike
3-1: Base on Balls
Batting: RHB Armando Carmona 0-0: Ball
1-0: Sac Bunt - play at first, batter OUT! 1-4
Ed Jozwiak to second
Batting: LHB Dan O'Day 0-0: Ball
1-0: Called Strike
1-1: Foul Ball, location: 2F
1-2: Ball
2-2: Ground out U3 (Groundball, 34S)
Ed Jozwiak to third
Batting: SHB Eduardo Pampin 0-0: Called Strike
0-1: Ball
1-1: Swinging Strike
1-2: Foul Ball, location: 2F
1-2: Ball
2-2: Strikes out swinging
Top of the 5th over - 0 run(s), 0 hit(s), 0 error(s), 1 left on base; Belvedere Park 2 - Springfield 1
BOTTOM OF THE 5TH
Springfield Shooters batting - Pitching for Belvedere Park Rawhides : LHP António Bruno
Batting: RHB Francisco Gonzáles 0-0: Ball
1-0: Swinging Strike
1-1: Ball
2-1: Ball
3-1: Base on Balls
Batting: SHB Benedict Patel 0-0: Ball
1-0: Ball
2-0: Fielders Choice at 2nd, 6-4 (Groundball, 6)
Batting: RHB Javier Vásquez 0-0: Called Strike
0-1: Ball
1-1: SINGLE (Groundball, 5L) (infield hit)
Benedict Patel to second
Batting: RHB Gabrio Campoverde 0-0: Foul Ball, location: 2F
0-1: Ball
Throwing error on steal attempt, E2
Benedict Patel scores
Javier Vásquez to third
1-1: Intentional Walk
Batting: RHB Carlos Cardona 0-0: Called Strike
0-1: Ball
1-1: Ball
2-1: Foul Ball, location: 2F
2-2: Ball
3-2: Grounds into double play, 4-6-3 (Groundball, 4)
Bottom of the 5th over - 1 run(s), 1 hit(s), 1 error(s), 1 left on base; Belvedere Park 2 - Springfield 2
TOP OF THE 6TH
Belvedere Park Rawhides batting - Pitching for Springfield Shooters : LHP Song-saeng Kim
Batting: RHB Kevin Johnson 0-0: Ball
1-0: Ball
2-0: Ball
3-0: Base on Balls
Batting: RHB José Pérez 0-0: Ball
1-0: Called Strike
1-1: Foul Ball, location: 2F
1-2: Strikes out swinging
Batting: RHB Emmanuele Lucchetti 0-0: Foul Ball, location: 2F
0-1: SINGLE (Groundball, 6MD)
Kevin Johnson to second
Batting: RHB Charles Rowell 0-0: Foul Ball, location: 2F
0-1: SINGLE (Groundball, 6D)
Kevin Johnson to third
Emmanuele Lucchetti to second
Runner from 3rd tries for Home, SAFE, no throw
Batting: RHB Jaime Cruz 0-0: Grounds into double play, 6-4-3 (Groundball, 6)
Top of the 6th over - 1 run(s), 2 hit(s), 0 error(s), 1 left on base; Belvedere Park 3 - Springfield 2
BOTTOM OF THE 6TH
Springfield Shooters batting - Pitching for Belvedere Park Rawhides : LHP António Bruno
Batting: LHB Guillermo Castro 0-0: Ball
1-0: Ball
2-0: Called Strike
2-1: Called Strike
2-2: Strikes out looking
Batting: LHB Daniel Faraday 0-0: Ball
1-0: Fly out, F7 (Flyball, 78M)
Batting: RHB Roberto Alonzo 0-0: Called Strike
0-1: Ground out 5-3 (Groundball, 56S)
Bottom of the 6th over - 0 run(s), 0 hit(s), 0 error(s), 0 left on base; Belvedere Park 3 - Springfield 2
TOP OF THE 7TH
Belvedere Park Rawhides batting - Pitching for Springfield Shooters : LHP Song-saeng Kim
Batting: RHB Ed Jozwiak 0-0: Swinging Strike
0-1: Ball
1-1: Ball
2-1: Fly out, F8 (Flyball, 8LS)
Batting: RHB Armando Carmona 0-0: Called Strike
0-1: Ball
1-1: Called Strike
1-2: SINGLE (Line Drive, 34)
Pitching: LHP Tomás Galván
Pinch Hitting: RHB Ramón Cabral 0-0: Ball
Armando Carmona steals 2nd base
1-0: Ball
Passed Ball!
Armando Carmona to third
2-0: Called Strike
2-1: Ball
3-1: Base on Balls
Batting: SHB Eduardo Pampin 0-0: Ball
1-0: Ball
2-0: Ball
3-0: Base on Balls
Ramón Cabral to second
Pinch Hitting: LHB Mike Hanson 0-0: Foul Ball, location: 2F
0-1: SINGLE (Groundball, 6D)
Armando Carmona scores
Ramón Cabral to third
Eduardo Pampin to second
Batting: RHB José Pérez 0-0: DOUBLE (Line Drive, 78D)
Ramón Cabral scores
Eduardo Pampin scores
Mike Hanson to third
Batting: RHB Emmanuele Lucchetti 0-0: Intentional Walk
Batting: RHB Charles Rowell 0-0: Ball
1-0: Ball
2-0: Ball
3-0: Foul Ball, location: 2F
3-1: Foul Ball, location: 2F
3-2: Base on Balls
Mike Hanson scores
José Pérez to third
Emmanuele Lucchetti to second
Pitching: RHP Roy Gartner
Batting: RHB Jaime Cruz 0-0: Ball
1-0: Ball
2-0: Called Strike
2-1: Grounds into double play, 6-4-3 (Groundball, 6)
Top of the 7th over - 4 run(s), 3 hit(s), 0 error(s), 2 left on base; Belvedere Park 7 - Springfield 2
BOTTOM OF THE 7TH
Springfield Shooters batting - Pitching for Belvedere Park Rawhides : LHP António Bruno
Now at 3B: Ramón Cabral
Now in LF: Mike Hanson
Batting: RHB Willis Kirkendall 0-0: Ball
1-0: Foul Ball, location: 2F
1-1: Swinging Strike
1-2: Ball
2-2: Foul Ball, location: 2F
2-2: Foul Ball, location: 2F
2-2: Foul Ball, location: 2F
2-2: Ball
3-2: Strikes out swinging
Batting: RHB Francisco Gonzáles 0-0: Called Strike
0-1: Ball
1-1: Foul Ball, location: 2F
1-2: Strikes out swinging
Batting: SHB Benedict Patel 0-0: Ball
1-0: Ball
2-0: SOLO HOME RUN (Line Drive, 7D), Distance : 366 ft
Pitching: LHP Nick Mason
Batting: RHB Javier Vásquez 0-0: Ball
1-0: Ball
2-0: Called Strike
2-1: Foul Ball, location: 2F
2-2: Ball
3-2: Ground out 5-3 (Groundball, 5)
Bottom of the 7th over - 1 run(s), 1 hit(s), 0 error(s), 0 left on base; Belvedere Park 7 - Springfield 3
TOP OF THE 8TH
Belvedere Park Rawhides batting - Pitching for Springfield Shooters : RHP Roy Gartner
Batting: RHB Ed Jozwiak 0-0: Ball
1-0: Ball
2-0: Called Strike
2-1: Called Strike
2-2: Ball
3-2: Strikes out looking
Batting: RHB Armando Carmona 0-0: Called Strike
0-1: Ball
1-1: Swinging Strike
1-2: Strikes out swinging
Batting: RHB Ramón Cabral 0-0: Called Strike
0-1: Ball
1-1: Called Strike
1-2: Ball
2-2: Ball
3-2: TRIPLE (Line Drive, 89M)
Batting: SHB Eduardo Pampin 0-0: Ball
1-0: Called Strike
1-1: SINGLE (Line Drive, 9S)
Ramón Cabral scores
Batting: LHB Mike Hanson 0-0: Called Strike
0-1: Ball
1-1: Fly out, F7 (Flyball, 7)
Top of the 8th over - 1 run(s), 2 hit(s), 0 error(s), 1 left on base; Belvedere Park 8 - Springfield 3
BOTTOM OF THE 8TH
Springfield Shooters batting - Pitching for Belvedere Park Rawhides : LHP Nick Mason
Now at C: Jesús Calderón
Batting: RHB Gabrio Campoverde 0-0: Foul Ball, location: 2F
0-1: Reached on error, E5 (Popup, 5)
Batting: RHB Carlos Cardona 0-0: Called Strike
0-1: Ball
1-1: Ball
2-1: Grounds into double play, 6-4-3 (Groundball, 6)
Batting: LHB Guillermo Castro 0-0: Called Strike
0-1: Swinging Strike
0-2: Ball
1-2: Strikes out swinging
Bottom of the 8th over - 0 run(s), 0 hit(s), 1 error(s), 0 left on base; Belvedere Park 8 - Springfield 3
TOP OF THE 9TH
Belvedere Park Rawhides batting - Pitching for Springfield Shooters : RHP Roy Gartner
Batting: RHB José Pérez 0-0: Ball
1-0: SINGLE (Groundball, 6MD)
Batting: RHB Emmanuele Lucchetti 0-0: Called Strike
0-1: Ground out 5-3 (Groundball, 56S)
José Pérez to second
Batting: RHB Charles Rowell 0-0: Ball
1-0: Called Strike
1-1: Foul Ball, location: 2F
1-2: Ground out 4-3 (Groundball, 4MD)
José Pérez to third
Batting: RHB Jaime Cruz 0-0: Ball
1-0: Fly out, F7 (Flyball, 7)
Top of the 9th over - 0 run(s), 1 hit(s), 0 error(s), 1 left on base; Belvedere Park 8 - Springfield 3
BOTTOM OF THE 9TH
Springfield Shooters batting - Pitching for Belvedere Park Rawhides : LHP Nick Mason
Pitching: LHP Earnest Cogan
Batting: LHB Daniel Faraday 0-0: Called Strike
0-1: Ball
1-1: Swinging Strike
1-2: Foul Ball, location: 2F
1-2: Strikes out swinging
Batting: RHB Roberto Alonzo 0-0: Foul Ball, location: 2F
0-1: Foul Ball, location: 2F
0-2: Ball
1-2: Ball
2-2: Ball
3-2: Fly out, F8 (Line Drive, 8LM)
Batting: RHB Willis Kirkendall 0-0: Called Strike
0-1: Ground out 5-3 (Groundball, 56)
Bottom of the 9th over - 0 run(s), 0 hit(s), 0 error(s), 0 left on base; Belvedere Park 8 - Springfield 3
Saturday, May 26th, 2018 - OOTP Baseball 17.12 Build 75